[Event "Team 45 45 League T36"]
[Site "Internet Chess Club"]
[Date "2008.02.02"]
[Round "2"]
[White "Wheels"]
[Black "primerpaso"]
[Result "0-1"]
[WhiteElo "1824"]
[BlackElo "1880"]
[Opening "Grünfeld: Russian variation"]
[ECO "D97"]
[Time "19:01:22"]
[TimeControl "2700+45"]

1. d4 Nf6 2. Nf3 g6 3. c4 Bg7 4. Nc3 d5 5. Qb3 dxc4 6. Qxc4 b6 7. Bf4 Na6 8. Nb5
c5 9. Rd1 Qd5 10. e3 Qxc4 11. Bxc4 cxd4 12. Nfxd4 Bb7 13. O-O O-O 14. Rc1 Ne4
15. Rfd1 e5 16. f3 Nec5 17. Nd6 Rab8 18. Nxf7 Rxf7 19. Bxf7+ Kxf7 20. Bg3 exd4
21. Bxb8 Nxb8 22. exd4 Ncd7 23. Rc7 Bd5 24. Rxa7 Ke6 25. Kf2 Nc6 26. Ra4 Bf6 27.
b3 Kd6 28. Ke3 b5 29. Ra6 Kc7 30. Ra8 Ndb8 31. g3 Be7 32. f4 Kb7 33. Rxb8+ Nxb8
34. g4 Nc6 35. f5 Bg5+ 36. Kf2 gxf5 37. gxf5 Ne7 38. Ke2 Nxf5 39. Kd3 Kc7 40.
Re1 Ne7 41. Re5 h6 {White resigns} 0-1

[Event "Team 45 45 League T36"]
[Site "Internet Chess Club"]
[Date "2008.02.03"]
[Round "2"]
[White "cityprosecutor"]
[Black "PrizeFighter"]
[Result "1/2-1/2"]
[WhiteElo "1756"]
[BlackElo "1709"]
[Opening "Philidor: exchange variation"]
[ECO "C41"]
[Time "08:59:30"]
[TimeControl "2700+45"]

1. e4 e5 2. Nf3 d6 3. d4 exd4 4. Nxd4 Bd7 5. Nc3 Nc6 6. Be3 g6 7. Qd2 Bg7 8. h4
Nxd4 9. Bxd4 Bxd4 10. Qxd4 Qf6 11. Qb4 Bc6 {Game drawn by mutual agreement}
1/2-1/2

[Event "Team 45 45 League T36"]
[Site "Internet Chess Club"]
[Date "2008.02.03"]
[Round "2"]
[White "J37c"]
[Black "shakkimestari"]
[Result "1-0"]
[WhiteElo "2009"]
[BlackElo "1998"]
[Opening "Pirc: Austrian attack, dragon formation"]
[ECO "B09"]
[Time "10:29:52"]
[TimeControl "2700+45"]

1. e4 d6 2. d4 Nf6 3. Nc3 g6 4. f4 Bg7 5. Nf3 c5 6. dxc5 Qa5 7. Qd3 Nxe4 8. Qb5+
Nc6 9. Qxa5 Bxc3+ 10. Qxc3 Nxc3 11. bxc3 dxc5 {Black resigns} 1-0

[Event "Team 45 45 League T36"]
[Site "Internet Chess Club"]
[Date "2008.02.01"]
[Round "2"]
[White "matman"]
[Black "Karpyan"]
[Result "0-1"]
[WhiteElo "1759"]
[BlackElo "1848"]
[Opening "King's Indian: orthodox, Aronin-Taimanov, 9.Ne1"]
[ECO "E98"]
[Time "16:06:42"]
[TimeControl "2700+45"]

1. Nf3 Nf6 2. d4 g6 3. c4 d6 4. Nc3 Bg7 5. e4 O-O 6. Be2 Nc6 7. O-O e5 8. d5 Ne7
9. Ne1 Ne8 10. Nd3 f5 11. Bd2 Nf6 12. f3 h6 13. c5 g5 14. Rc1 Bd7 15. Qb3 b6 16.
cxd6 cxd6 17. Nf2 Kh8 18. Ba6 Ng6 19. Nb5 Bxb5 20. Qxb5 fxe4 21. fxe4 Ne8 22.
Bb7 Rb8 23. Bc6 Nf6 24. b4 Kh7 25. Qc4 Rc8 26. a4 Rc7 27. a5 bxa5 28. b5 Rcf7
29. Ra1 a4 30. Qxa4 Qb6 31. Qa5 Qd4 32. Qc3 Nf4 {White forfeits on time} 0-1

[Event "Team 45 45 League T36"]
[Site "Internet Chess Club"]
[Date "2008.02.02"]
[Round "2"]
[White "SneakyRed"]
[Black "upturnedcircle"]
[Result "0-1"]
[WhiteElo "1764"]
[BlackElo "1896"]
[Opening "French: advance, Euwe variation"]
[ECO "C02"]
[Time "14:05:26"]
[TimeControl "2700+45"]

1. e4 e6 2. d4 d5 3. e5 c5 4. c3 Nc6 5. Nf3 Bd7 6. a3 Nge7 7. b4 cxd4 8. cxd4
Nf5 9. Bb2 b5 10. Nc3 a6 11. Bd3 Ncxd4 12. Nxd4 Nxd4 13. Nxd5 Nc6 14. Ne3 Qg5
15. h4 Qf4 16. g3 Bxb4+ 17. Kf1 Qh6 18. Ng4 Qd2 19. axb4 Qxb2 20. Rb1 Qd4 21.
Qe2 Nxb4 22. Be4 Nd5 23. Rd1 Qc5 24. Qf3 Bc6 25. Kg2 Ne7 26. Rc1 Bxe4 27. Qxe4
Qd5 {White resigns} 0-1

[Event "Team 45 45 League T36"]
[Site "Internet Chess Club"]
[Date "2008.02.01"]
[Round "2"]
[White "houseofcook"]
[Black "ADIOKiddo4Ever"]
[Result "0-1"]
[WhiteElo "1448"]
[BlackElo "1516"]
[Opening "Scandinavian: Pytel-Wade variation"]
[ECO "B01"]
[Time "14:00:48"]
[TimeControl "2700+45"]

1. e4 d5 2. exd5 Qxd5 3. Nc3 Qd6 4. d4 Nf6 5. h3 Nc6 6. Nf3 Bf5 7. Bb5 O-O-O 8.
Bxc6 Qxc6 9. O-O e6 10. Nh4 Bg6 11. Nf3 Bh5 12. Be3 Bd6 13. Bg5 h6 14. Bxf6 gxf6
15. Qd3 Bxf3 16. Qxf3 Qxf3 17. gxf3 Rhg8+ 18. Kh1 Rg7 19. Rg1 Rdg8 20. Rxg7 Rxg7
21. Rg1 Rg5 22. Ne4 Rxg1+ 23. Kxg1 f5 24. Nxd6+ cxd6 25. f4 b5 26. b4 Kb7 27.
Kg2 Kc6 28. Kg3 Kd5 29. Kh4 Kxd4 30. Kh5 Kc3 31. Kxh6 Kxc2 32. Kg7 d5 33. h4 d4
34. h5 d3 35. h6 d2 36. h7 d1=Q 37. h8=Q Qa1+ 38. Kh7 Qxh8+ 39. Kxh8 Kc3 40. Kg7
Kxb4 41. Kxf7 Ka3 42. Kxe6 Kxa2 43. Kxf5 b4 44. Kg4 b3 45. f5 b2 46. f6 b1=Q 47.
f7 Qg6+ {White resigns} 0-1

[Event "Team 45 45 League T36"]
[Site "Internet Chess Club"]
[Date "2008.02.02"]
[Round "2"]
[White "johnpawn"]
[Black "Rubacchus"]
[Result "0-1"]
[WhiteElo "1247"]
[BlackElo "1356"]
[Opening "Queen's pawn: Yusupov-Rubinstein system"]
[ECO "A46"]
[Time "09:00:49"]
[TimeControl "2700+45"]

1. d4 Nf6 2. Nf3 e6 3. e3 b6 4. Bd3 Bb7 5. Nbd2 c5 6. O-O Nc6 7. c3 cxd4 8. exd4
d5 9. Ne5 Bd6 10. f4 O-O 11. Ndf3 Ne4 12. Nxc6 Bxc6 13. Ne5 Be8 14. Bxe4 dxe4
15. f5 Bxe5 16. dxe5 Qxd1 17. Rxd1 exf5 18. Be3 Bc6 19. Rd6 Rac8 20. Rad1 Rfe8
21. Bf4 Kf8 22. h4 Ke7 23. Kf2 h6 24. h5 Red8 25. Kg3 Rxd6 26. exd6+ Kd7 27. Kf2
g5 28. hxg6 fxg6 29. Bxh6 Re8 30. Bf4 Rg8 31. Bg5 Rh8 32. g3 Rh2+ 33. Ke3 Rxb2
34. Bf4 Rxa2 35. Rh1 Kd8 36. Rh7 Ra4 37. Bg5+ Ke8 38. Rc7 Bd7 39. c4 Ra3+ 40.
Kd4 Rxg3 {White resigns} 0-1

[Event "Team 45 45 League T36"]
[Site "Internet Chess Club"]
[Date "2008.01.31"]
[Round "2"]
[White "rshea11"]
[Black "reverendjim"]
[Result "1-0"]
[WhiteElo "1313"]
[BlackElo "1239"]
[Opening "QGD Slav defense: exchange variation"]
[ECO "D10"]
[Time "21:01:16"]
[TimeControl "2700+45"]

1. d4 d5 2. c4 c6 3. cxd5 cxd5 4. Nc3 Nf6 5. Bf4 Nc6 6. e3 Bf5 7. Bb5 e6 8. a3
Be7 9. Nf3 Bg4 10. O-O O-O 11. Rc1 Qb6 12. h3 Bxf3 13. Qxf3 h6 14. b4 a5 15.
Bxc6 bxc6 16. Rb1 axb4 17. axb4 Bxb4 18. e4 Qxd4 19. Ne2 Qc5 20. Rfc1 Qe7 21.
Rxc6 dxe4 22. Qg3 Rfc8 23. Nd4 Nd5 24. Bxh6 g6 25. Qe5 Nf6 26. Rxb4 Kh7 27. Rxc8
Rxc8 28. Bg5 Rc5 29. Qxf6 Qxf6 30. Bxf6 {Black resigns} 1-0

[Event "Team 45 45 League T36"]
[Site "Internet Chess Club"]
[Date "2008.02.03"]
[Round "2"]
[White "merecat"]
[Black "Conjurer"]
[Result "1/2-1/2"]
[WhiteElo "1483"]
[BlackElo "1362"]
[Opening "Nimzo-Indian: classical variation"]
[ECO "E32"]
[Time "14:56:59"]
[TimeControl "2700+45"]

1. d4 Nf6 2. c4 e6 3. Nc3 Bb4 4. Qc2 b6 5. a3 Be7 6. e4 Bb7 7. Bd3 O-O 8. Nf3 c5
9. d5 exd5 10. cxd5 d6 11. O-O Nbd7 12. Bd2 Ng4 13. h3 Nge5 14. Rae1 Bh4 15.
Nxe5 Nxe5 16. f4 Bxe1 17. Bxe1 Nxd3 18. Qxd3 a5 19. Qf3 Qf6 20. Bg3 Rfe8 21. Re1
Qd4+ 22. Kh2 g6 23. f5 Rad8 24. Nb5 Qf6 25. fxg6 Qxf3 26. gxf3 hxg6 27. Nxd6 Re7
28. Nb5 Kg7 29. d6 Re6 30. Kg2 Rd7 31. e5 f6 32. Nc7 Kf7 33. Nxe6 Kxe6 34. exf6+
Kxf6 35. Re7 Rxe7 36. dxe7 Kxe7 37. Bc7 b5 38. Bxa5 c4 39. Bb4+ Ke6 40. Kg3 Kf5
41. f4 Be4 42. h4 Bd5 43. Bc3 Be6 44. Bg7 Bd7 45. Bh6 Bc8 46. Bg5 Ke4 47. Kf2
Kd3 48. Ke1 Kc2 49. Bf6 Bf5 50. Kf2 Kd2 51. Kf3 Kd3 52. Kf2 Kd2 {Game drawn by
mutual agreement} 1/2-1/2

[Event "Team 45 45 League T36"]
[Site "Internet Chess Club"]
[Date "2008.02.01"]
[Round "2"]
[White "Traho"]
[Black "katabatico"]
[Result "0-1"]
[WhiteElo "1344"]
[BlackElo "1405"]
[Opening "Réti: King's Indian attack (Barcza system)"]
[ECO "A07"]
[Time "15:02:59"]
[TimeControl "2700+45"]

1. Nf3 d5 2. g3 e6 3. d4 Nf6 4. Bg2 Be7 5. O-O O-O 6. Nbd2 c5 7. c3 Nbd7 8. b3
b6 9. c4 Bb7 10. Bb2 Rb8 11. Re1 Bd6 12. Qc2 Re8 13. Ne5 a6 14. Ndf3 Ne4 15. e3
f6 16. Nd2 Nxd2 17. Nxd7 Qxd7 18. Qxd2 e5 19. cxd5 e4 20. dxc5 Bxc5 21. Rad1
Rbd8 22. b4 Bd6 23. Bd4 Qb5 24. Bf1 Qa4 25. Bc3 Rc8 26. Qb2 Rf8 27. Qb3 Qxb3 28.
axb3 Rxc3 29. Rd4 f5 30. Rb1 Rfc8 31. Bc4 b5 {White resigns} 0-1

[Event "Team 45 45 League T36"]
[Site "Internet Chess Club"]
[Date "2008.02.03"]
[Round "2"]
[White "rkrush"]
[Black "wekabird"]
[Result "1/2-1/2"]
[WhiteElo "1245"]
[BlackElo "1153"]
[Opening "Bishop's opening: Philidor counter-attack"]
[ECO "B10"]
[Time "20:01:33"]
[TimeControl "2700+45"]

1. e4 c6 2. Bc4 e5 3. Nf3 d6 4. d3 h6 5. O-O Nf6 6. c3 b5 7. Bxf7+ Kxf7 8. Qb3+
Be6 9. Qd1 Be7 10. Re1 Rf8 11. h3 Kg8 12. Nh4 Qe8 13. d4 Nh5 14. d5 cxd5 15.
exd5 Bd7 16. Re3 Bxh4 17. g3 Bd8 18. Nd2 Bb6 19. Rf3 Rxf3 20. Qxf3 Na6 21. Ne4
Qf7 22. Qxf7+ Kxf7 23. Nxd6+ Ke7 24. Ne4 Rf8 25. Be3 Bxe3 26. fxe3 Bxh3 27. d6+
Kd7 28. Rd1 Bg4 29. Rd5 Bf3 30. Rxe5 Re8 31. Rxe8 Kxe8 32. Nd2 Bd5 33. e4 Bg8
34. e5 Kd7 35. a3 Nxg3 36. b4 Bd5 37. Kf2 Ne4+ 38. Nxe4 Bxe4 39. Ke3 Bb1 40. Kd4
Ba2 41. Ke4 Nc7 42. Kf5 Bf7 43. Ke4 h5 44. Kf4 Be6 45. Kg5 Bf7 46. Kf4 g6 47.
Kg5 Ne6+ 48. Kf6 Be8 49. c4 bxc4 50. b5 h4 51. a4 h3 52. b6 axb6 53. a5 bxa5
{White stalemated} 1/2-1/2

[Event "Team 45 45 League T36"]
[Site "Internet Chess Club"]
[Date "2008.02.03"]
[Round "2"]
[White "WilmaP"]
[Black "smcintyr11"]
[Result "0-1"]
[WhiteElo "1258"]
[BlackElo "1198"]
[Opening "Ruy Lopez: old Steinitz defense"]
[ECO "C62"]
[Time "08:01:44"]
[TimeControl "2700+45"]

1. e4 e5 2. Nf3 Nc6 3. Bb5 d6 4. d4 Nf6 5. O-O Be7 6. Re1 O-O 7. Nc3 Bg4 8. Qd3
Bxf3 9. Qxf3 Nxd4 10. Qd3 c6 11. Ba4 d5 12. Qg3 Qd6 13. Bh6 g6 14. Bxf8 Bxf8 15.
Rad1 Qb4 16. b3 b5 17. a3 Qxa3 18. Qxe5 Nxc2 19. Re2 Nb4 20. Qxf6 Bg7 21. Qf3
bxa4 22. Nb1 Qa1 23. exd5 Nxd5 24. Ree1 axb3 25. Qxb3 Qf6 26. Qb7 Rd8 27. Qxa7
Bh6 28. Qb7 Bf4 29. g3 Bc7 30. Re2 Rd6 31. Na3 Nc3 32. Re8+ Kg7 33. Rxd6 Qxd6
34. Qb2 Qd1+ 35. Kg2 Qd5+ 36. Kf1 Qh1# {White checkmated} 0-1

[Event "Team 45 45 League T36"]
[Site "Internet Chess Club"]
[Date "2008.01.31"]
[Round "2"]
[White "dondel"]
[Black "strudel"]
[Result "0-1"]
[WhiteElo "1526"]
[BlackElo "1498"]
[Opening "Sicilian defense"]
[ECO "B20"]
[Time "16:03:58"]
[TimeControl "2700+45"]

1. e4 c5 2. Bc4 e6 3. d3 Nc6 4. Bd2 Nf6 5. a3 Be7 6. Ne2 Qc7 7. h3 O-O 8. Bf4
Bd6 9. Bxd6 Qxd6 10. O-O Qc7 11. Nd2 d5 12. exd5 exd5 13. Bb3 b5 14. c4 dxc4 15.
dxc4 bxc4 16. Nxc4 Rd8 17. Qc2 Nd4 18. Nxd4 Rxd4 19. Rfd1 Be6 20. Rxd4 cxd4 21.
Re1 Rc8 22. Rxe6 fxe6 23. Qd3 Qb8 24. g3 Kh8 25. Nd2 Qd6 26. Nf3 h6 27. Qxd4
Qxd4 28. Nxd4 e5 29. Nf5 Rc1+ 30. Kg2 Rb1 31. Ne3 Rxb2 32. Bd1 g5 33. Nc4 Ra2
34. a4 e4 35. Bb3 e3 36. Nxe3 Rb2 37. Bc2 Nd5 38. Nxd5 Rxc2 39. Kf3 Ra2 40. g4
Rxa4 41. Ke3 Rc4 42. Kd3 Rc8 43. Nb4 a5 44. Na2 a4 45. f3 a3 46. Nc3 Kg7 47. Kd4
Rb8 48. Na2 Rb2 49. Nc1 a2 50. Nxa2 Rxa2 {White resigns} 0-1

[Event "Team 45 45 League T36"]
[Site "Internet Chess Club"]
[Date "2008.02.01"]
[Round "2"]
[White "betto2506"]
[Black "Duck-Man"]
[Result "1-0"]
[WhiteElo "1309"]
[BlackElo "1220"]
[Opening "Scotch opening"]
[ECO "C44"]
[Time "21:11:18"]
[TimeControl "2700+45"]

1. e4 e5 2. Nf3 Nc6 3. d4 d6 4. dxe5 Bg4 5. exd6 Bxd6 6. Bb5 Nf6 7. Bxc6+ bxc6
8. Nc3 O-O 9. O-O Qe7 10. Re1 Rad8 11. h3 Bh5 12. Qe2 Rfe8 13. Bg5 Be5 14. Bxf6
Qxf6 15. Rad1 Rd6 16. Rd3 Red8 17. Red1 Qf4 18. g3 Qf6 19. Qe3 Bd4 20. Rxd4 Rxd4
21. Rxd4 h6 22. Rxd8+ Qxd8 23. Kg2 Bg6 24. Ne5 Qd6 25. Nxg6 Qxg6 26. Qxa7 Qd6
27. a4 Qd2 28. a5 Qxc2 29. a6 Qxb2 30. Qc5 Qa1 31. Qxc6 Qa5 32. Nb5 Qa4 33. a7
{Black resigns} 1-0

[Event "Team 45 45 League T36"]
[Site "Internet Chess Club"]
[Date "2008.02.02"]
[Round "2"]
[White "DannyZil"]
[Black "N20863"]
[Result "0-1"]
[WhiteElo "1176"]
[BlackElo "1304"]
[Opening "Sicilian defense"]
[ECO "B32"]
[Time "12:02:05"]
[TimeControl "2700+45"]

1. e4 c5 2. Nf3 Nc6 3. d4 Nxd4 4. Nxd4 cxd4 5. Qxd4 e6 6. Bc4 Ne7 7. Bf4 Nc6 8.
Qd1 Bb4+ 9. c3 Bc5 10. O-O O-O 11. Qg4 g6 12. Bg5 Qb6 13. Bh6 Re8 14. Qg5 Be7
15. Qb5 Qc7 16. Rd1 a6 17. Qb3 Na5 18. Qa4 Nxc4 19. Qb3 b5 20. Qc2 Bb7 21. Qd3
Rad8 22. Qd4 e5 23. Qd3 Nxb2 24. Qf3 f6 25. Rd2 Nc4 26. Re2 d5 27. h3 dxe4 28.
Qg3 Rd1+ 29. Kh2 Nd2 30. Bxd2 Rd8 31. a3 e3 32. Qxe3 e4+ 33. g3 Rd3 34. Qf4 Qxf4
35. Bxf4 f5 36. Rd2 e3 37. Bxe3 Rh1# {White checkmated} 0-1

[Event "Team 45 45 League T36"]
[Site "Internet Chess Club"]
[Date "2008.02.02"]
[Round "2"]
[White "kjs110"]
[Black "ebyte23"]
[Result "0-1"]
[WhiteElo "916"]
[BlackElo "1154"]
[Opening "Konstantinopolsky opening"]
[ECO "C44"]
[Time "13:00:17"]
[TimeControl "2700+45"]

1. e4 e5 2. Nf3 Nc6 3. g3 Bc5 4. Bg2 d6 5. O-O Bg4 6. h3 Bxf3 7. Qxf3 Nd4 8. Qd1
Nf6 9. c3 Ne6 10. Na3 a6 11. Nc4 O-O 12. Re1 Rb8 13. b4 Ba7 14. d3 Qe8 15. Be3
Bxe3 16. Rxe3 b5 17. Nd2 h6 18. d4 exd4 19. cxd4 Nxd4 20. e5 dxe5 21. f4 Qd8 22.
fxe5 Nd5 23. Rd3 Nxb4 24. Rxd4 Qxd4+ 25. Kh2 Qxe5 26. Rb1 Nd3 27. Nf3 Qd6 28.
Rb3 Nc5 29. Rb1 Qxd1 30. Rxd1 Rbd8 31. Re1 Nd3 32. Re3 c5 33. Bf1 Nb4 34. a3 Nc6
35. h4 Nd4 36. Ne5 Rfe8 37. Bg2 f6 38. Nc6 Nxc6 39. Rxe8+ Rxe8 40. Bxc6 Rc8 41.
Bb7 Rc7 42. Bxa6 c4 43. Bxb5 c3 44. Bd3 c2 45. Bxc2 Rxc2+ 46. Kh3 Ra2 47. g4
Rxa3+ 48. Kh2 Kh7 49. g5 fxg5 50. hxg5 hxg5 51. Kg2 Ra4 52. Kg3 Rf4 53. Kg2 Kh6
54. Kg3 Kh5 55. Kg2 Kh4 56. Kg1 Kh3 57. Kh1 Rf1# {White checkmated} 0-1

[Event "Team 45 45 League T36"]
[Site "Internet Chess Club"]
[Date "2008.01.31"]
[Round "2"]
[White "curtintime"]
[Black "jschneigi"]
[Result "1-0"]
[WhiteElo "1395"]
[BlackElo "1272"]
[Opening "Ruy Lopez: Cozio defense"]
[ECO "C60"]
[Time "21:50:36"]
[TimeControl "2700+45"]

1. e4 e5 2. Nf3 Nc6 3. Bb5 Nge7 4. d3 a6 5. Ba4 b5 6. Bb3 h6 7. c3 Ng6 8. d4 d6
9. d5 Na5 10. Bc2 c6 11. b4 cxd5 12. bxa5 dxe4 13. Bxe4 Rb8 14. Be3 Qxa5 15. Ba7
Bb7 16. Bxb8 Bxe4 17. O-O Qb6 18. Re1 Bxf3 19. Qxf3 Qxb8 20. Qc6+ Kd8 21. Qxa6
d5 22. Rd1 Bc5 23. Rxd5+ Ke7 24. Rxc5 Rd8 25. Na3 Rd6 26. Qxb5 Qd8 27. Qe2 Nf4
28. Qxe5+ Kf8 29. Rc8 Qxc8 30. Qxd6+ Kg8 31. Qxf4 Qxc3 32. Qc1 Qe5 33. g3 g5 34.
Nc4 Qe6 35. Qc3 h5 36. Re1 Qd7 37. Qf6 Qd5 38. Re8+ Kh7 39. Rh8# {Black
checkmated} 1-0

[Event "Team 45 45 League T36"]
[Site "Internet Chess Club"]
[Date "2008.02.03"]
[Round "2"]
[White "klt713"]
[Black "Prop"]
[Result "0-1"]
[WhiteElo "1143"]
[BlackElo "1260"]
[Opening "QGD: Tarrasch defense"]
[ECO "D32"]
[Time "13:04:28"]
[TimeControl "2700+45"]

1. d4 d5 2. c4 e6 3. Nc3 c5 4. Nf3 Nc6 5. e3 Nf6 6. Bd3 Bd6 7. cxd5 exd5 8. dxc5
Bxc5 9. O-O O-O 10. a3 Be6 11. Qc2 Qe7 12. b4 Bd6 13. Bb2 g6 14. Rfe1 Bg4 15.
Nd4 Qc7 16. g3 Rfe8 17. Qd2 Ne4 18. Nxe4 dxe4 19. Bc4 Ne5 20. Ba2 Rad8 21. Qc3
Qxc3 22. Bxc3 Bh3 23. Kh1 Nd3 24. Re2 Be5 25. Rb1 Rc8 26. Rc2 Bxd4 27. exd4 e3
28. fxe3 Rxe3 29. d5 Ne5 30. Rb3 Rcxc3 31. Kg1 Rxc2 32. Rxe3 Rxa2 33. Rxe5 Rxa3
34. d6 Rd3 35. Re8+ Kg7 36. Rd8 Kf6 37. d7 Bxd7 38. Kg2 Bc6+ 39. Kf2 Rxd8 {White
resigns} 0-1

[Event "Team 45 45 League T36"]
[Site "Internet Chess Club"]
[Date "2008.02.03"]
[Round "2"]
[White "ckak0202"]
[Black "ffplayer"]
[Result "0-1"]
[WhiteElo "1309"]
[BlackElo "1146"]
[Opening "King's pawn opening"]
[ECO "B07"]
[Time "10:23:38"]
[TimeControl "2700+45"]

1. e4 d6 2. d4 Nd7 3. Nf3 b6 4. Nc3 Bb7 5. Bd3 e5 6. dxe5 dxe5 7. b3 Ngf6 8. Bg5
Bb4 9. Bd2 O-O 10. a3 Bxc3 11. Bxc3 Re8 12. Qe2 c5 13. O-O Qc7 14. Ng5 a6 15.
Bc4 Rf8 16. b4 h6 17. Nxf7 Rxf7 18. bxc5 Nxc5 19. Bxf7+ Qxf7 20. Bxe5 Nfxe4 21.
Rab1 Re8 22. f4 Nc3 23. Qg4 Nxb1 24. Rxb1 Bc8 25. Qg3 b5 26. Rd1 Ne4 27. Qe3 Bf5
28. Qb6 Re6 29. Rd8+ Kh7 30. Qb8 Kg6 31. Rf8 Qe7 32. Re8 Qxe8 33. Qb7 Qf7 34.
Qd5 Nf6 35. Qd1 Qd7 36. Qf3 Qd5 37. Qg3+ Kf7 38. h4 Qd1+ 39. Kh2 Ng4+ 40. Qxg4
Bxg4 41. Kg3 Rxe5 42. fxe5 Ke6 43. h5 Kxe5 44. c4 bxc4 45. a4 Bxh5 46. a5 Qg4+
47. Kh2 Qh4+ 48. Kg1 c3 49. Kf1 c2 50. g3 c1=Q+ 51. Kg2 Qxg3+ 52. Kxg3 Qc4 53.
Kf2 Qd3 54. Kg2 Qf3+ 55. Kg1 Qe2 56. Kh1 Kf4 57. Kg1 Kg3 58. Kh1 Qg2# {White
checkmated} 0-1

[Event "Team 45 45 League T36"]
[Site "Internet Chess Club"]
[Date "2008.01.31"]
[Round "2"]
[White "WCB"]
[Black "JustinZ"]
[Result "0-1"]
[WhiteElo "1088"]
[BlackElo "1262"]
[Opening "Ruy Lopez: Morphy defense"]
[ECO "C77"]
[Time "20:30:42"]
[TimeControl "2700+45"]

1. e4 e5 2. Nf3 Nc6 3. Bb5 a6 4. Ba4 Nf6 5. Nxe5 Nxe5 6. Nc3 Bb4 7. Nd5 Nxd5 8.
exd5 O-O 9. O-O d6 10. a3 Bc5 11. b4 Ba7 12. Bb2 b5 13. Bb3 Qg5 14. g3 Bg4 15.
Qe1 Nf3+ 16. Kh1 Nxe1 17. Raxe1 Bh3 18. Rg1 Bxf2 19. Re7 Qxe7 20. d3 Bxg1 21.
Bc3 Qe2 22. Kxg1 Qg2# {White checkmated} 0-1

[Event "Team 45 45 League T36"]
[Site "Internet Chess Club"]
[Date "2008.02.04"]
[Round "2"]
[White "Mitch99"]
[Black "Avedldesierto"]
[Result "1-0"]
[WhiteElo "1543"]
[BlackElo "1850"]
[Opening "Scotch gambit"]
[ECO "C44"]
[Time "16:51:58"]
[TimeControl "2700+45"]

1. e4 e5 2. Nf3 Nc6 3. d4 exd4 4. Bc4 Bc5 5. c3 dxc3 6. Nxc3 d6 7. O-O h6 8. Qb3
Qd7 9. Nd5 Nge7 10. Qc3 Kf8 11. Be3 Bxe3 12. Nxe3 Rg8 13. e5 dxe5 14. Rfd1 Qe8
15. Nxe5 Nxe5 16. Qxe5 c6 17. Qc7 Be6 18. Bxe6 fxe6 19. Rd7 Rc8 20. Qd6 b5 21.
Re1 g6 22. Qxe6 Qf7 23. Qxf7+ Kxf7 24. Ng4 Rge8 25. Nxh6+ Kf8 26. Rxa7 Ra8 27.
Rxa8 Rxa8 28. a3 Rd8 29. g3 Rd2 30. b4 Rd3 31. Ra1 Rb3 32. Kg2 Kg7 33. Ng4 Rc3
34. a4 Rc4 35. a5 Nc8 36. Rd1 Rxb4 37. Rd7+ Kf8 38. Rd8+ Ke7 39. Rxc8 Rxg4 40.
f4 g5 41. Kf3 Kd7 42. Rg8 b4 43. Kxg4 Kc7 44. Rg7+ Kb8 45. f5 b3 46. f6 b2 47.
f7 Kb7 48. f8=Q+ Ka6 49. Qa8+ Kb5 50. Qb8+ Ka4 51. Qxb2 c5 52. Rb7 Kxa5 53. Qb5#
{Black checkmated} 1-0

[Event "Team 45 45 League T36"]
[Site "Internet Chess Club"]
[Date "2008.02.04"]
[Round "2"]
[White "mkrump"]
[Black "budugu"]
[Result "0-1"]
[WhiteElo "1497"]
[BlackElo "1492"]
[Opening "Ruy Lopez: closed, Flohr-Zaitsev system (Lenzerheide variation)"]
[ECO "C92"]
[Time "20:06:39"]
[TimeControl "2700+45"]

1. e4 e5 2. Nf3 Nc6 3. Bb5 a6 4. Ba4 Nf6 5. O-O b5 6. Bb3 Be7 7. Re1 O-O 8. c3
d6 9. h3 Bb7 10. d3 Na5 11. Bc2 c5 12. Nbd2 Re8 13. Nf1 h6 14. Ne3 Bf8 15. Nf5
Nc6 16. Bb3 Ne7 17. Ng3 Ng6 18. Be3 d5 19. exd5 Nxd5 20. Qd2 Nxe3 21. Rxe3 Bxf3
22. Rxf3 c4 23. Bc2 e4 24. Re3 exd3 25. Rxe8 Qxe8 26. Re1 Qc6 27. Bd1 Re8 28.
Rf1 Bd6 29. Bf3 Qb6 30. Nf5 Bf4 31. Qd1 Re5 32. Nd4 Ne7 33. g3 Qg6 34. Bg2 Bg5
35. a4 Nf5 36. Nc6 Re2 37. axb5 axb5 38. b4 Bf6 39. Re1 Rc2 40. Re8+ Kh7 41. g4
Nd6 42. Re3 Bg5 43. Ne5 Qf6 44. Nd7 Qxf2+ 45. Kh1 Qxg2# {White checkmated} 0-1

[Event "Team 45 45 League T36"]
[Site "Internet Chess Club"]
[Date "2008.02.03"]
[Round "2"]
[White "Warpdrive"]
[Black "vollmerj"]
[Result "1/2-1/2"]
[WhiteElo "1620"]
[BlackElo "1698"]
[Opening "Alekhine's defense: modern, Larsen variation"]
[ECO "B04"]
[Time "20:59:22"]
[TimeControl "2700+45"]

1. e4 Nf6 2. e5 Nd5 3. d4 d6 4. Nf3 dxe5 5. Nxe5 Nd7 6. Bc4 Nxe5 7. dxe5 c6 8.
O-O Be6 9. Bxd5 Qxd5 10. Qxd5 Bxd5 11. Nc3 e6 12. Be3 Bb4 13. Nxd5 cxd5 14. c3
Be7 15. Rac1 O-O 16. f4 Rfc8 17. Bd4 Bc5 18. Kf2 Rc6 19. Bxc5 Rxc5 20. Rfd1 Rac8
21. Rd4 Rc4 22. Rcd1 g6 23. Rxc4 Rxc4 24. Rd4 Rxd4 25. cxd4 Kf8 26. g4 h6 27. h4
Kg7 28. Ke3 h5 29. g5 Kf8 30. Kd3 Ke7 31. Kc3 Kd7 32. Kb4 Kc6 33. a4 a6 34. a5
b6 35. axb6 Kxb6 36. Ka4 Ka7 37. Ka5 Kb7 38. b4 Ka7 39. b5 axb5 40. Kxb5 Kb7
{Game drawn by mutual agreement} 1/2-1/2

[Event "Team 45 45 League T36"]
[Site "Internet Chess Club"]
[Date "2008.02.03"]
[Round "2"]
[White "shakkiipe"]
[Black "Ernie1"]
[Result "1-0"]
[WhiteElo "1673"]
[BlackElo "1624"]
[Opening "English: Caro-Kann defensive system"]
[ECO "A11"]
[Time "05:00:28"]
[TimeControl "2700+45"]

1. c4 c6 2. g3 d5 3. Bg2 Nf6 4. Nf3 g6 5. b3 Bg7 6. Bb2 O-O 7. O-O Bf5 8. d3
dxc4 9. bxc4 Nbd7 10. Nbd2 Nb6 11. Nb3 Na4 12. Be5 Nd7 13. Bxg7 Kxg7 14. Nbd4
Be6 {Black resigns} 1-0

[Event "Team 45 45 League T36"]
[Site "Internet Chess Club"]
[Date "2008.02.04"]
[Round "2"]
[White "NESKAYA"]
[Black "alexthegr8"]
[Result "1-0"]
[WhiteElo "1553"]
[BlackElo "1480"]
[Opening "King's pawn opening"]
[ECO "B07"]
[Time "19:03:30"]
[TimeControl "2700+45"]

1. e4 d6 2. Nf3 Nf6 3. e5 dxe5 4. Nxe5 g6 5. Bc4 e6 6. d4 Bg7 7. O-O O-O 8. Bg5
Nbd7 9. Qf3 h6 10. Bh4 g5 11. Bg3 c6 12. c3 Nd5 13. Nxd7 Bxd7 14. Nd2 Qb6 15. b3
Rfe8 16. Be5 Bxe5 17. dxe5 Qa5 18. b4 Qa3 19. Bxd5 cxd5 20. Qf6 Qxc3 21. Nf3 Qc2
22. Qxh6 Qg6 23. Qxg5 Qxg5 24. Nxg5 Bb5 25. Rfc1 Rac8 26. Nf3 Rc6 27. Nd4 Rxc1+
28. Rxc1 Bc4 29. a4 a6 30. a5 Kg7 31. Nc2 Rc8 32. Ne3 Kg6 33. f4 Kh5 34. g4+ Kh4
35. Kg2 d4 36. Rxc4 Rxc4 37. Nxc4 Kxg4 38. Nd6 Kxf4 39. Kf2 Kxe5 40. Nxf7+ Kd5
41. h4 Kc4 42. Ke2 Kc3 43. Kd1 Kxb4 44. h5 Kxa5 45. h6 b5 46. h7 b4 47. h8=Q d3
48. Qd4 Ka4 49. Nd6 Ka3 50. Qxd3+ b3 51. Nc4+ Ka2 52. Kc1 a5 53. Qb1# {Black
checkmated} 1-0